 Dungeon Crawl Stone Soup version 0.24-a0-165-g1b465fe (webtiles) character file.

Game seed: 17314378257312539109

5 Dfrag the Firebug (level 1, -2/15 HPs)
             Began as a Naga Fire Elementalist on Mar 6, 2019.
             Killed from afar by a dart slug (6 damage)
             ... with a slug dart
             ... on level 1 of the Dungeon.
             The game lasted 00:00:11 (79 turns).

Dfrag the Firebug (Naga Fire Elementalist)            Turns: 79, Time: 00:00:11

Health: -2/15      AC:  1    Str: 10    XL:     1   Next: 80%
Magic:  3/3        EV: 10    Int: 15    God:
Gold:   12         SH:  0    Dex: 11    Spells: 3/4 levels left

rFire    . . .     SeeInvis +   (no weapon)
rCold    . . .     Gourm    .   (no shield)
rNeg     . . .     Faith    .   a - +0 robe
rPois    +         Spirit   .   (no helmet)
rElec    .         Reflect  .   (no cloak)
rCorr    .         Harm     .   (no gloves)
MR       .....                  (no barding)
Stlth    ++........             (no amulet)
HPRegen  0.05/turn              (no ring)
MPRegen  0.08/turn              (no ring)

@: short of breath, very slow
A: large, see invisible, deformed body, poison resistance, slowness 2, slow
metabolism 1, spit poison 1, AC +0
a: Spit Poison


You were on level 1 of the Dungeon.
You were not hungry.

You visited 1 branch of the dungeon, and saw 1 of its levels.

You collected 12 gold pieces.

Inventory:

Armour
 a - a +0 robe (worn)
Comestibles
 c - a ration


   Skills:
 - Level 1.5 Dodging
 - Level 3.0 Stealth
 + Level 2.1 Spellcasting
 + Level 1.2 Conjurations
 + Level 3.1 Fire Magic


You had 3 spell levels left.
You knew the following spells:

 Your Spells              Type           Power        Failure   Level  Hunger
a - Flame Tongue          Conj/Fire      #....        9%          1    #......

Your spell library contained the following spells:

 Spells                   Type           Power        Failure   Level  Hunger
 Throw Flame              Conj/Fire      #.....       13%         2    ###....
 Conjure Flame            Conj/Fire      #.......     26%         3    ###....
 Inner Flame              Hex/Fire       #.......     34%         3    ###....
 Sticky Flame             Conj/Fire      #.......     65%         4    #####..
 Fireball                 Conj/Fire      #.........   94%         5    ######.


Dungeon Overview and Level Annotations

Branches:
Dungeon (1/15)

Altars:


Innate Abilities, Weirdness & Mutations

You cannot wear boots.
Your serpentine skin is tough. (AC +0)
You have supernaturally acute eyesight. (SInv)
Armour fits poorly on your strangely shaped body.
Your system is resistant to poisons. (rPois)
You cover ground very slowly.
You have a slow metabolism.
You can spit poison.


Message History

Unknown command.
Unknown command.
You see here a hobgoblin corpse.
You have got your breath back.
There is an open door here.
You see here a jackal corpse.
Found a leather armour.
Magic restored.
You see here a leather armour.
Found a club.
A dart slug comes into view.
A dart slug is nearby!
Press: ? - help, Shift-Dir - straight line, f - dart slug
Aim: a dart slug (clinging, resting)
The splash of poison hits the dart slug!
The dart slug is almost dead.
You feel slightly more hungry. The dart slug launches a dart at you.
The slug dart hits you.
You die...

#6#p#T#f#V#n#O#H#a#i#M# #.#
#########################.#
.........†............†...#
########################..#
#e#.#Q#c#h#d#K#o#9#N#m###.#
####################### #[#
########.#
..#######........#
#.w....@..######.#
#########.# #.# #.# #.# #.#
#.# #.# #.# ?.# #.. #.# )#
#.#


You could see a dart slug.

Vanquished Creatures
  A hobgoblin (D:1)
  3 jackals (D:1)
4 creatures vanquished.

Notes
Turn   | Place    | Note
-------+----------+-------------------------------------------
     0 | D:1      | Dfrag the Naga Fire Elementalist began the quest for the
                  | Orb.
     0 | D:1      | Reached XP level 1. HP: 15/15 MP: 3/3
     2 | D:1      | Noticed a dwarf
     2 | D:1      | Noticed a human
     4 | D:1      | Noticed an octopode
     4 | D:1      | Noticed a demigod
     6 | D:1      | Noticed a demonspawn
     6 | D:1      | Noticed an elf
     8 | D:1      | Noticed a halfling
    10 | D:1      | Noticed a troll
    10 | D:1      | Noticed a tengu
    13 | D:1      | Noticed a vine stalker
    13 | D:1      | Noticed a centaur
    15 | D:1      | Noticed a vampire
    15 | D:1      | Noticed a felid
    17 | D:1      | Noticed a ghoul
    17 | D:1      | Noticed a draconian
    19 | D:1      | Noticed an ogre
    21 | D:1      | Noticed a minotaur
    23 | D:1      | Noticed a formicid
    23 | D:1      | Noticed a gargoyle
    25 | D:1      | Noticed a spriggan
    25 | D:1      | Noticed a naga
    27 | D:1      | Noticed a merfolk
    79 | D:1      | Killed from afar by a dart slug

Levels and vault maps discovered:
D:1:      kb_arrival_jail, layout_loops_ring

Action                   || total
-------------------------++-------
 Cast: Flame Tongue      ||     4
 Abil: Spit Poison       ||     5
Armor: Robe              ||     2
Dodge: Dodged            ||     5

Table legend:
 A = Non-vault XP
 B = Vault XP
 C = Vault XP percentage of total XP
 D = Non-vault monster count
 E = Vault monster count
 F = Vault count percentage of total count
                 A         B        C        D         E       F
            +---------+---------+-------+---------+---------+-------
      Total |       8 |       0 |   0.0 |       4 |       0 |   0.0
            +---------+---------+-------+---------+---------+-------
        D:1 |       8 |       0 |   0.0 |       4 |       0 |   0.0
            +---------+---------+-------+---------+---------+-------
